 Dungeon Crawl Stone Soup version 0.29-a0-923-g6e406bff71 (webtiles) character file.

Game seed: 1061993001618135558

25 Sabo the Conjurer (level 3, 0/28 HPs)
             Began as a Naga Conjurer on July 28, 2022.
             Was a Follower of Okawaru.
             Slain by an iguana (4 damage)
             ... on level 2 of the Dungeon.
             The game lasted 00:08:47 (1361 turns).

Sabo the Conjurer (Naga Conjurer)                   Turns: 1361, Time: 00:08:49

Health: 0/28       AC:  3    Str:  9    XL:     3   Next: 4%
Magic:  1/6        EV:  9    Int: 20    God:    Okawaru [*.....]
Gold:   58         SH:  2    Dex:  9    Spells: 5/6 levels left

rFire   + + .      SeeInvis +   c - staff of fire
rCold   . . .      Faith    .   m - +0 buckler
rNeg    . . .      Spirit   .   a - +0 robe
rPois   +          Reflect  .   g - +0 helmet
rElec   .          Harm     .   (no cloak)
rCorr   .          Rampage  .   (no gloves)
Will    .....                   (no barding)
Stlth   ++........              (no amulet)
HPRegen 0.09/turn               k - ring of protection from fire
MPRegen 0.10/turn               (no ring)

@: very slow
A: AC +1, large, see invisible, deformed body, poison resistance, slowness 2,
spit poison 1, naga tail 1
a: Spit Poison, Renounce Religion, Heroism


You were on level 2 of the Dungeon.
You worshipped Okawaru.
Okawaru was aware of your devotion.
You visited 1 branch of the dungeon, and saw 2 of its levels.

You collected 58 gold pieces.

Inventory:

Armour
 a - a +0 robe (worn)
 g - a +0 helmet (worn)
 m - a +0 buckler (worn)
Magical Staves
 c - a staff of fire (weapon)
Jewellery
 k - a ring of protection from fire (left hand)
Scrolls
 d - a scroll of silence {unknown}
 f - a scroll of immolation {unknown}
 h - 2 scrolls of identify {unknown}
 i - a scroll of torment {unknown}
 j - a scroll of noise {unknown}
 n - a scroll of fear {unknown}
Potions
 b - a potion of magic
 e - a potion of heal wounds {unknown}
 l - a potion of attraction {unknown}


   Skills:
 + Level 1.8 Dodging
 + Level 3.1 Stealth
 + Level 2.2 Spellcasting
 + Level 4.5 Conjurations


You had 5 spell levels left.
You knew the following spells:

 Your Spells              Type           Power      Damage    Failure   Level
a - Magic Dart            Conj           80%        1d7       3%          1

Your spell library contained the following spells:

 Spells                   Type           Power      Damage    Failure   Level
 Searing Ray              Conj           40%        2d5       4%          2
 Dazzling Flash           Conj/Hex       22%        N/A       22%         3
 Fulminant Prism          Conj/Hex       5%         3d7       58%         4
 Iskenderun's Mystic Bla  Conj/Tloc      11%        2d4       58%         4


Dungeon Overview and Level Annotations

Branches:
Dungeon (2/15)

Altars:
Okawaru


Innate Abilities, Weirdness & Mutations

Your serpentine skin is tough. (AC +1)
You have supernaturally acute eyesight. (SInv)
Armour fits poorly on your strangely shaped body.
Your system is resistant to poisons. (rPois)
You cover ground very slowly.
You can spit poison.
You have a snake-like lower body.


Message History

Casting: Magic Dart (safe; 2% risk of failure)
Confirm with . or Enter, or press ? or * to list all spells.
You don't have enough magic to cast this spell.
Unknown command.
You barely miss the adder. The adder barely misses you. x2
You hit the adder but do no damage. You block the rat's attack.
You block the adder's attack.
You hit the adder.
The adder is moderately wounded.
You feel like a meek peon again.
The iguana hisses angrily.
The rat bites you. The adder barely misses you.
You hit the adder but do no damage.
The adder is moderately wounded.
The goblin shouts!
The adder bites you but does no damage. The rat misses you.
You block the adder's attack. The rat closely misses you.
You closely miss the adder.
The adder is moderately wounded.
The adder closely misses you. The goblin hits you with a +0 club.
The rat closely misses you.
You closely miss the adder.
The adder is moderately wounded.
You block the adder's attack. The goblin hits you with a +0 club.
The rat bites you. The adder bites you.
You barely miss the adder.
The adder is moderately wounded.
You block the adder's attack. The goblin closely misses you. The rat bites you.
You closely miss the adder.
The adder is moderately wounded.
The adder bites you. The goblin hits you with a +0 club.
The rat bites you but does no damage. The adder barely misses you.
You miss the adder.
The adder is moderately wounded.
A hobgoblin comes into view.
You block the rat's attack. The goblin barely misses you.
The adder bites you but does no damage. The iguana bites you.
* * * LOW HITPOINT WARNING * * *
The iguana bites you.
You die...

.... ######....
..........
#........
.###+#......###
...............
........r......
......g@S......
........l......
......######+##
...... ..>.?
...#+ .g. ..


You could see an iguana, an adder, a hobgoblin (wandering), a goblin and a rat.

Vanquished Creatures
  An adder (D:2)
  A bat (D:1)
  2 endoplasms (D:1)
  5 goblins (D:1)
  2 hobgoblins (D:1)
  A ball python (D:1)
  2 frilled lizards (D:1)
  2 rats (D:1)
16 creatures vanquished.

Notes
Turn   | Place    | Note
-------+----------+-------------------------------------------
     0 | D:1      | Sabo the Naga Conjurer began the quest for the Orb.
     0 | D:1      | Reached XP level 1. HP: 15/15 MP: 3/3
   427 | D:1      | Reached XP level 2. HP: 22/22 MP: 3/5
   902 | D:1      | Found a faded altar of an unknown god.
   927 | D:1      | Prayed at the altar of an unknown god.
   927 | D:1      | Became a worshipper of Warmaster Okawaru
   927 | D:1      | Reached * piety under Okawaru
  1353 | D:2      | Reached XP level 3. HP: 28/28 MP: 0/6
  1361 | D:2      | Slain by an iguana

Illustrated notes

Levels and vault maps discovered:
D:1:      dpeg_arrival_round_c, layout_loops_ring,
          shapermc_ecumenical_altar_mp_ritualfount,
          nicolae_concentric_dashed_squares_wild
D:2:      layout_basic, uniq_terence

Action                   || total
-------------------------++-------
Melee: Staff             ||    31
 Cast: Magic Dart        ||    27
Invok: Heroism           ||     1
Armor: Robe              ||    12
Dodge: Dodged            ||    25
Block: Buckler           ||     9

Table legend: (Time is in decaauts)
 A = Elapsed time spent in this place.
 B = Non-inter-level travel time spent in this place.
 C = Inter-level travel time spent in this place.
 D = Time resting spent in this place.
 E = Time spent auto-exploring this place.
 F = Levels seen in this place.
 G = Mean time per level.
                   A        B        C        D        E       F      G
               +--------+--------+--------+--------+--------+-----+--------+
         Total |   1668 |   1668 |      0 |    516 |      0 |   2 |  834.0 |
       Dungeon |   1668 |   1668 |      0 |    516 |      0 |   2 |  834.0 |
               +--------+--------+--------+--------+--------+-----+--------+

Top non-repeatable levels by time:
     D:1: 1655 daAuts
     D:2: 12 daAuts
